 Dungeon Crawl Stone Soup version 0.28.0-43-g3370ac3207 (webtiles) character file.

Game seed: 11221022458181369732

147558 fleeber the Executioner (level 16, -5/174 HPs)
             Began as a Minotaur Berserker on Mar 14, 2022.
             Was a High Priest of Trog.
             Slain by a satyr
             ... wielding a +0 spear
              (8 damage)
             ... on level 4 of the Shoals on Mar 15, 2022.
             The game lasted 04:36:39 (28283 turns).

fleeber the Executioner (Minotaur Berserker)       Turns: 28283, Time: 04:36:40

Health: -5/174     AC: 31    Str: 30    XL:     16   Next: 92%
Magic:  15/15      EV: 11    Int:  6    God:    Trog [*****.]
Gold:   2276       SH:  0    Dex: 16    Spells: 15/15 levels left

rFire   + . .      SeeInvis .   I - +8 frozen axe "Frostbite" {freezing cloud, *Noise Fly rC+}
rCold   + . .      Faith    .   (shield currently unavailable)
rNeg    . . .      Spirit   .   B - +10 plate armour {ponderous}
rPois   .          Reflect  .   (helmet restricted)
rElec   .          Harm     .   r - +2 cloak
rCorr   .          Rampage  .   t - +2 pair of gloves
Will    ++++.                   H - +0 pair of boots
Stlth   ..........              b - amulet of regeneration
HPRegen 2.19/turn               Q - ring of willpower
MPRegen 0.14/turn               s - +6 ring of strength

@: lethally poisoned (-5 -> -20), strong-willed, flying, regenerating, slow
A: horns 2, retaliatory headbutt, clever 1, deformed body, fire resistance 1,
wild magic 1
a: Renounce Religion, Berserk, Trog's Hand, Brothers in Arms


You were on level 4 of the Shoals.
You worshipped Trog.
Trog was extremely pleased with you.
You visited 5 branches of the dungeon, and saw 27 of its levels.
You visited the Abyss 1 time.

You collected 3375 gold pieces.
You spent 1099 gold pieces at shops.

Inventory:

Hand Weapons
 I - the +8 frozen axe "Frostbite" (weapon) {freezing cloud, *Noise Fly rC+}
   (You acquired it on level 9 of the Dungeon)

   It freezes those it strikes, dealing additional cold damage.
   It can also slow down cold-blooded creatures.
   It occasionally leaves clouds of freezing vapour upon striking a foe.
   It grants immunity to clouds of freezing vapour.
   rC:        It protects you from cold.
   Fly:       It grants you flight.
   *Noise:    It may make noises in combat.
 P - a +2 executioner's axe of flaming
 X - a +3 antimagic hand axe
Missiles
 f - 919 stones (quivered)
 v - 3 javelins
 R - a throwing net
Armour
 r - a +2 cloak (worn)
 t - a +2 pair of gloves (worn)
 B - a +10 plate armour of ponderousness (worn)
 H - a +0 pair of boots (worn)
Jewellery
 b - an amulet of regeneration (around neck)
 s - a +6 ring of strength (right hand)
 K - a ring of see invisible
 Q - a ring of willpower (left hand)
Wands
 e - a wand of digging (14)
 A - a wand of iceblast (4)
 L - a wand of polymorph (6)
 N - a wand of flame (12)
 U - a wand of charming (8)
 Z - a wand of paralysis (11)
Scrolls
 a - 6 scrolls of fear
 c - 4 scrolls of magic mapping
 g - a scroll of silence
 h - a scroll of brand weapon
 i - 4 scrolls of enchant weapon
 j - 5 scrolls of enchant armour
 k - 10 scrolls of identify
 l - 2 scrolls of amnesia
 m - 12 scrolls of teleportation
 n - 5 scrolls of immolation
 u - 2 scrolls of blinking
 y - a scroll of fog
 F - 2 scrolls of holy word
 M - 3 scrolls of vulnerability
 T - a scroll of torment
Potions
 d - 2 potions of curing
 o - 2 potions of haste
 p - a potion of magic {unknown}
 q - 4 potions of resistance
 w - 2 potions of flight {unknown}
 x - 3 potions of might
 z - 2 potions of brilliance {unknown}
 C - 2 potions of invisibility {unknown}
 D - 5 potions of degeneration
 E - 4 potions of mutation
 G - a potion of attraction {unknown}
 O - 8 potions of ambrosia
 S - 2 potions of cancellation {unknown}
 W - 2 potions of lignification {unknown}
Miscellaneous
 J - a lightning rod (4/4)


   Skills:
 * Level 23.8 Fighting
 - Level 26.4 Axes
 - Level 1.3 Throwing
 + Level 16.4 Armour
 + Level 4.7 Dodging
 - Level 0.1 Stealth
 - Level 0.4 Evocations


You had 15 spell levels left.
You didn't know any spells.
Your spell library was empty.

Dungeon Overview and Level Annotations

Branches:
Dungeon (15/15)            Temple (1/1) D:4            Lair (6/6) D:11
 Shoals (4/4) Lair:4       Spider (1/4) Lair:4        Slime (0/5) Lair:6
 Vaults (0/5) D:13         Depths (0/4) D:15
    Orc: D:9-12

Altars:
Ashenzari
Cheibriados
Dithmenos
Elyvilon
Fedhas
Gozag
Hepliaklqana
Kikubaaqudgha
Makhleb
Nemelex Xobeh
Okawaru
Qazlal
Ru
Sif Muna
Trog
Uskayaw
Vehumet
Wu Jian
Xom
Zin
The Shining One

Shops:
D:5 (   Shoals:2 *

Annotations:
Shoals:1 Roxanne


Innate Abilities, Weirdness & Mutations

You have a pair of horns on your head.
You reflexively headbutt those who attack you in melee.
Your mind is acute. (Int +2)
Armour fits poorly on your strangely shaped body.
Your flesh is heat resistant. (rF+)
Your spells are a little harder to cast, but a little more powerful.


Message History

You headbutt the sea snake!
The satyr shoots an arrow.
The arrow hits you!
* * * LOW HITPOINT WARNING * * *
The satyr plays a lulling melody on his pipes!
You resist with almost no effort.
You feel better.
The sea snake bites you but does no damage.
The satyr shoots an arrow.
The arrow hits you!
* * * LOW HITPOINT WARNING * * *
The snapping turtle closely misses you.
The satyr shoots an arrow.
The arrow hits you!
* * * LOW HITPOINT WARNING * * *
You are no longer terrified.
The sea snake bites you!
* * * LOW HITPOINT WARNING * * *
You are lethally poisoned!
The sea snake poisons you! The sea snake barely misses you.
You feel much better.
You feel extremely sick.
The satyr no longer looks unusually strong.
The satyr unwields a +0 quarterstaff.
The satyr wields a +0 longbow.
The satyr shoots an arrow.
The arrow hits you.
* * * LOW HITPOINT WARNING * * *
The satyr shoots an arrow.
The arrow hits you.
* * * LOW HITPOINT WARNING * * *
The snapping turtle bites you but does no damage.
The sea snake bites you but does no damage.
The satyr shoots an arrow.
The arrow hits you!!
* * * LOW HITPOINT WARNING * * *
You barely miss the sea snake.
The sea snake is moderately wounded.
You slash the satyr! You freeze the satyr. You slash the satyr!
You freeze the satyr. You slice the snapping turtle!!
The snapping turtle seems to slow down.
You freeze the snapping turtle.
* * * LOW HITPOINT WARNING * * *
You feel extremely sick.
The satyr no longer looks unusually strong.
The satyr is engulfed in freezing vapours.
The satyr unwields a +0 longbow.
The satyr wields a +0 spear.
The satyr hits you with a +0 spear!
You die...

#c# . # ≈ #.# . ≈#
≈c ##.## .##.#
≈..##...# .#..#
...≈..###+#.....
.... #......
##..##.###.t.#
....#..).#@S.#
#.....cHc)c.+
#.......c≈..+
#..#.(...8..#
#...##.###...##..#
#.. ##.........#
##. #...........#
...###.††...≈..≈.#
#.#.#...#8..#...#


You could see a minotaur, 3 satyrs, a sea snake, a snapping turtle (slow) and a
faun (strong).

Vanquished Creatures
  Mara (Shoals:3)
  Jorgrun (D:13)
  Azrael (D:13)
  Snorg (D:11)
  A dire elephant (Lair:6)
  5 merfolk impalers
  An ettin (D:15)
  The ghost of Aneyh the Impaler, a journeyman TeMo of Okawaru (Shoals:1)
  2 merfolk javelineers
  Fannar (Lair:3)
  3 merfolk avatars
  9 hydras
  3 catoblepae
  3 boulder beetles
  An alligator (Lair:6)
  2 alligator snapping turtles
  7 centaur warriors
  An anaconda (Lair:6)
  A merfolk aquamancer (Shoals:1)
  A death knight (D:15)
  3 satyrs
  2 tengu warriors (D:15)
  A deep troll shaman (Lair:6)
  3 two-headed ogres
  A dancing weapon (Shoals:1)
  14 death yaks
  A wretched star (Abyss:2)
  An iron troll (D:13)
  A deep elf knight (D:15)
  A fire crab (Lair:6)
  9 sea snakes
  An orb spider (Lair:4)
  2 deep trolls (D:15)
  A phantasmal warrior (Abyss:2)
  An orc knight (D:15)
  2 wizards (D:15)
  A necromancer (D:15)
  2 deep elf pyromancers
  19 harpies
  20 fauns
  16 manticores
  8 cyclopes
  14 ugly things
  2 large abominations (Abyss:2)
  6 black mambas
  28 elephants
  A guardian serpent (shapeshifter) (D:15)
  3 merfolk sirens
  A dire elephant skeleton (Abyss:2)
  2 water nymphs
  A torpor snail (Lair:4)
  2 gargoyles
  10 cane toads
  A rime drake (shapeshifter) (D:14)
  8 komodo dragons
  3 rime drakes
  A tormentor (Abyss:2)
  A queen bee (D:14)
  2 trolls
  6 meliai
  3 wind drakes
  Grinder (D:3)
  18 merfolk
  A tarantella (shapeshifter) (D:10)
  5 polar bears
  3 hornets
  5 blink frogs (Lair:3)
  17 slime creatures
  6 snapping turtles
  15 dream sheep
  2 wraiths
  5 wyverns
  4 culicivoras (Lair:4)
  57 yaks
  6 water elementals
  9 basilisks
  4 fire elementals (D:13)
  7 vampire mosquitoes
  5 steam dragons
  3 wargs (D:11)
  Duvessa (D:4)
  2 floating eyes (D:15)
  22 water moccasins
  4 hell hounds (D:13)
  2 sky beasts
  15 black bears
  8 orc warriors
  2 ogres
  A necrophage (D:6)
  22 wolves
  5 centaurs
  8 kobold brigands (Abyss:2)
  12 bullfrogs
  A gnoll sergeant (D:12)
  4 scorpions
  A wyvern skeleton (D:7)
  Dowan (D:4)
  23 killer bees
  4 jellies
  6 howler monkeys
  5 electric eels
  A crimson imp (Abyss:2)
  2 centaur zombies
  Crazy Yiuf (D:3)
  7 orc priests
  A gnoll shaman (D:4)
  A hound (D:7)
  4 iguanas
  Ijyb (D:4)
  Natasha (twice) (D:3)
  3 orc wizards
  A killer bee zombie (D:9)
  2 howler monkey zombies
  Robin (D:4)
  8 gnolls
  2 howler monkey skeletons
  8 adders
  3 white imps
  39 orcs
  6 ball pythons
  6 endoplasms
  2 giant cockroaches
  10 goblins
  10 hobgoblins
  2 jackals (D:3)
  A quokka (D:2)
  3 bats
  2 frilled lizards
  5 kobolds
  A quokka skeleton (D:4)
  5 rats
  A bush (Lair:6)
  11 fungi
  18 plants
743 creatures vanquished.

Vanquished Creatures (collateral kills)
  2 dream sheep (Lair:5)
2 creatures vanquished.

Vanquished Creatures (others)
  A basilisk (Lair:6)
  A sky beast (D:6)
  56 fungi
  146 plants
  8 toadstools (Lair:4)
212 creatures vanquished.

Grand Total: 957 creatures vanquished

Notes
Turn   | Place    | Note
-------+----------+-------------------------------------------
     0 | D:1      | fleeber the Minotaur Berserker began the quest for the Orb.
     0 | D:1      | Reached XP level 1. HP: 19/19 MP: 0/0
   361 | D:1      | Reached skill level 4 in Axes
   428 | D:1      | Reached XP level 2. HP: 27/27 MP: 1/1
   607 | D:1      | Found a faded altar of an unknown god.
  1319 | D:2      | Found a glowing golden altar of the Shining One.
  2074 | D:3      | Reached XP level 3. HP: 33/33 MP: 2/2
  2277 | D:3      | Found a runed translucent door.
  2278 | D:3      | Noticed Crazy Yiuf
  2340 | D:3      | Reached skill level 5 in Axes
  2626 | D:3      | Found a broken altar of Ashenzari.
  2633 | D:3      | Noticed Natasha
  2639 | D:3      | Killed Natasha
  2640 | D:3      | Reached XP level 4. HP: 40/40 MP: 3/3
  2800 | D:3      | Noticed Natasha
  2806 | D:3      | Killed Natasha
  3114 | D:3      | Killed Crazy Yiuf
  3115 | D:3      | Reached skill level 1 in Throwing
  3197 | D:4      | Noticed Grinder
  3203 | D:3      | Paralysed by Grinder for 3 turns
  3227 | D:3      | Killed Grinder
  3228 | D:3      | Reached skill level 7 in Axes
  3228 | D:3      | Reached XP level 5. HP: 9/46 MP: 4/4
  3228 | D:3      | Reached XP level 6. HP: 10/52 MP: 5/5
  3727 | D:4      | Found a shadowy altar of Dithmenos.
  3744 | D:4      | Noticed Ijyb
  3776 | D:4      | Killed Ijyb
  3929 | D:4      | Found a bloodstained altar of Trog.
  3949 | D:4      | Found a hide-covered altar of Uskayaw.
  4254 | D:4      | Found a staircase to the Ecumenical Temple.
  4254 | D:4      | Noticed Duvessa
  4259 | D:4      | Noticed Dowan
  4266 | D:4      | Killed Duvessa
  4267 | D:4      | Killed Dowan
  4268 | D:4      | Reached skill level 5 in Armour
  4268 | D:4      | Reached XP level 7. HP: 49/60 MP: 6/6
  4273 | D:4      | Reached skill level 8 in Axes
  4539 | D:4      | Noticed Robin
  4587 | D:4      | Killed Robin
  4873 | D:4      | Reached ** piety under Trog
  4960 | D:4      | Reached skill level 5 in Fighting
  4960 | D:4      | Reached skill level 9 in Axes
  5255 | D:5      | Entered Level 5 of the Dungeon
  5316 | Temple   | Entered the Ecumenical Temple
  5552 | D:5      | Found Wulonkah's Antique Weapon Emporium.
  5554 | D:5      | Noticed a two-headed ogre
  5896 | D:5      | Reached XP level 8. HP: 47/68 MP: 7/7
  5997 | D:4      | Killed a two-headed ogre
  5998 | D:4      | Reached skill level 10 in Axes
  6581 | D:6      | Reached skill level 11 in Axes
  6648 | D:5      | Bought a glowing battleaxe for 190 gold pieces
  6886 | D:6      | Reached XP level 9. HP: 69/75 MP: 8/8
  7488 | D:6      | Reached skill level 12 in Axes
  8773 | D:8      | Reached skill level 13 in Axes
  9008 | D:8      | Paralysed by a hornet for 1 turns
  9011 | D:8      | Paralysed by a hornet for 2 turns
  9227 | D:8      | Found an iron altar of Okawaru.
  9844 | D:9      | Identified 5 scrolls of acquirement
  9844 | D:9      | Acquired a manual of Axes
  9850 | D:9      | Acquired a manual of Fighting
  9858 | D:9      | Acquired 1107 gold pieces
  9864 | D:9      | Acquired the +8 frozen axe "Frostbite" {freezing cloud,
                  | *Noise Fly rC+}
  9864 | D:9      | Found the +8 frozen axe "Frostbite" {freezing cloud, *Noise
                  | Fly rC+}
  9872 | D:9      | Acquired a ring of protection from cold
  9897 | D:9      | Noticed a troll
  9902 | D:9      | Killed a troll
  9903 | D:9      | Reached skill level 14 in Axes
  9976 | D:9      | Reached XP level 10. HP: 84/84 MP: 9/9
 10323 | D:9      | Reached skill level 15 in Axes
 10651 | D:9      | Reached skill level 16 in Axes
 10812 | D:10     | Entered Level 10 of the Dungeon
 10835 | D:10     | Noticed a centaur warrior
 10843 | D:10     | Killed a centaur warrior
 10844 | D:10     | Reached skill level 17 in Axes
 11055 | D:11     | Noticed a two-headed ogre
 11064 | D:11     | Killed a two-headed ogre
 11065 | D:11     | Reached skill level 18 in Axes
 11140 | D:11     | Reached XP level 11. HP: 94/94 MP: 10/10
 11250 | D:11     | Noticed Snorg
 11266 | D:11     | Killed Snorg
 11267 | D:11     | Reached skill level 19 in Axes
 11300 | D:11     | Noticed a white ugly thing
 11313 | D:11     | Killed a white ugly thing
 11689 | D:11     | Found a staircase to the Lair.
 11696 | D:11     | Reached *** piety under Trog
 11765 | D:11     | Reached skill level 20 in Axes
 12373 | Lair:1   | Entered Level 1 of the Lair of Beasts
 12510 | Lair:1   | Reached skill level 21 in Axes
 12514 | Lair:1   | Reached skill level 10 in Fighting
 13544 | Lair:2   | Noticed an eight-headed hydra
 13553 | Lair:2   | Killed a ten-headed hydra
 13554 | Lair:2   | Reached skill level 22 in Axes
 13554 | Lair:2   | Reached XP level 12. HP: 108/108 MP: 11/11
 13781 | Lair:2   | Reached skill level 10 in Armour
 13833 | Lair:2   | Reached **** piety under Trog
 14016 | Lair:2   | Reached skill level 23 in Axes
 14563 | Lair:3   | Noticed Fannar
 14574 | Lair:3   | Killed Fannar
 14920 | Lair:3   | You are sucked into a shaft and drop 2 floors!
 14931 | Lair:5   | Noticed a four-headed hydra
 14941 | Lair:5   | Killed a five-headed hydra
 14942 | Lair:5   | Reached XP level 13. HP: 120/122 MP: 12/12
 14967 | Lair:5   | Reached ***** piety under Trog
 15022 | Lair:5   | Reached skill level 24 in Axes
 15858 | Lair:4   | Found a staircase to the Shoals.
 16426 | Lair:4   | Found a runed translucent door.
 16660 | Lair:4   | Found a hole to the Spider Nest.
 17015 | Lair:3   | Reached skill level 15 in Fighting
 17033 | Lair:3   | Reached skill level 25 in Axes
 17640 | Lair:6   | Entered Level 6 of the Lair of Beasts
 17742 | Lair:6   | Found a staircase to the Slime Pits.
 17944 | Lair:6   | Received a gift from Trog
 17948 | Lair:6   | Reached XP level 14. HP: 136/136 MP: 13/13
 18036 | Lair:6   | Identified the +5 great mace "Renuewk" {pain, rElec Will+
                  | Int-4}
 18290 | Lair:6   | Reached skill level 26 in Axes
 19636 | D:12     | Gained mutation: Your mind is acute. (Int +2) [potion of
                  | mutation]
 19636 | D:12     | Gained mutation: Armour fits poorly on your strangely
                  | shaped body. [potion of mutation]
 19636 | D:12     | Gained mutation: Your spells are a little harder to cast,
                  | but a little more powerful. [potion of mutation]
 19636 | D:12     | Gained mutation: Your flesh is heat resistant. (rF+)
                  | [potion of mutation]
 20129 | D:13     | Noticed Jorgrun
 20140 | D:13     | Killed Jorgrun
 20261 | D:13     | Noticed Azrael
 20290 | D:13     | Reached XP level 15. HP: 45/150 MP: 14/14
 20304 | D:13     | Killed Azrael
 20969 | D:13     | Found a gate to the Vaults.
 21456 | D:14     | Identified the +11 mace "Zuegrapn" {vorpal, rC+ Str+4
                  | Dex+6}
 22300 | D:15     | Entered Level 15 of the Dungeon
 22317 | D:15     | Cast into level 2 of the Abyss (a wizard)
 22533 | Abyss:2  | Found a corrupted altar of Lugonu.
 22567 | D:15     | Escaped the Abyss
 22569 | D:15     | HP: 2/152 [ettin/+0 dire flail (30)]
 22575 | D:15     | HP: 4/228 [tengu warrior/+2 great sword of electrocution
                  | (9)]
 22681 | D:15     | Found a staircase to the Depths.
 23083 | D:15     | Paralysed by a floating eye for 3 turns
 23123 | D:15     | Paralysed by a floating eye for 4 turns
 23242 | D:15     | Received a gift from Trog
 23997 | Spider:1 | Entered Level 1 of the Spider Nest
 24201 | Shoals:1 | Entered Level 1 of the Shoals
 24405 | Shoals:1 | Found a runed translucent door.
 24405 | Shoals:1 | Found a shimmering altar of Xom.
 24405 | Shoals:1 | Noticed Aneyh's ghost (journeyman TeMo)
 24666 | Shoals:1 | Reached skill level 15 in Armour
 24883 | Shoals:1 | Noticed Roxanne
 25214 | Shoals:1 | Reached XP level 16. HP: 149/167 MP: 15/15
 25825 | Shoals:1 | Killed Aneyh's ghost
 26106 | Shoals:2 | Found Zemaak's Assorted Antiques.
 26224 | Shoals:2 | Bought a scroll of identify for 54 gold pieces
 26224 | Shoals:2 | Bought a scroll of teleportation for 81 gold pieces
 26724 | Shoals:3 | Received a gift from Trog
 27272 | Shoals:3 | Noticed Mara
 27387 | Shoals:3 | Noticed fleeber's illusion
 27390 | Shoals:3 | Noticed fleeber's illusion
 27390 | Shoals:3 | Killed Mara
 27613 | Shoals:3 | Found Xasaqihi's Magic Scroll Boutique.
 27633 | Shoals:3 | Bought 2 scrolls of holy word for 270 gold pieces
 27633 | Shoals:3 | Bought 3 scrolls of identify for 108 gold pieces
 27633 | Shoals:3 | Bought a scroll of teleportation for 54 gold pieces
 27633 | Shoals:3 | Bought a scroll of enchant armour for 135 gold pieces
 27633 | Shoals:3 | Bought a scroll of identify for 36 gold pieces
 27633 | Shoals:3 | Bought a scroll of identify for 36 gold pieces
 27633 | Shoals:3 | Bought a scroll of identify for 36 gold pieces
 27633 | Shoals:3 | Bought a scroll of fear for 63 gold pieces
 27633 | Shoals:3 | Bought a scroll of identify for 36 gold pieces
 27918 | Shoals:4 | Entered Level 4 of the Shoals
 28282 | Shoals:4 | HP: 8/174 [satyr/arrow (30)]
 28283 | Shoals:4 | HP: 3/174 [poisoned by a sea snake]
 28283 | Shoals:4 | Slain by a satyr

Illustrated notes

Levels and vault maps discovered:
D:1:      dpeg_arrival_arbitrary_a, layout_basic, ebering_ecumenical_altar_hall,
          nrook_mini_backslash
D:2:      layout_basic, basic_altar, serial_forest,
          infiniplex_forest_clump_long, infiniplex_forest_end_2,
          infiniplex_forest_fountain, infiniplex_forest_straight_2,
          infiniplex_forest_3_way, infiniplex_forest_end_2,
          infiniplex_forest_lined_2, infiniplex_forest_lined_3,
          infiniplex_forest_end_2
D:3:      layout_basic, ashenzari_altar_1, uniq_crazy_yiuf_cottage, uniq_natasha
D:4:      black_bear_nest_2, layout_basic, nicolae_overflow_squiral,
          mainiacjoe_overflow_paths, minmay_temple_entry_overgrown,
          serial_glass, glass_columns_a, glass_columns_a, uniq_duvessa,
          uniq_robin, uniq_ijyb, uniq_grinder
D:5:      layout_basic, serial_shops, nicolae_square_shop
D:6:      layout_basic
D:7:      layout_basic, enter_bailey_2
D:8:      layout_loops_ring, mainiacjoe_overflow_24_doors
D:9:      layout_roguey, minmay_misc_feat_encased
D:10:     minmay_diamond_stairs, layout_loops_corners,
          mainiacjoe_overflow_surrounded_room, david_orc_2
D:11:     layout_roguey [special_room_orc], erik_lair_orcish_takeover,
          serial_corexii_hall, chequers_hall_statues_y, corexii_hall_statues_u,
          chequers_hall_statues_y, grunt_decor_cap, minmay_stone_trees_medium,
          serial_bayou_pond_c, minivault_22, uniq_snorg
D:12:     layout_rooms
D:13:     layout_cross, david_vaults_4, uniq_jorgrun, uniq_azrael
D:14:     layout_roguey [special_room_bee], grunt_decor_fettered,
          chequers_hall_statues_y
D:15:     hangedman_depths_entry_civil_slaughter, layout_basic,
          dk_noncrumbling_2, onia_ninara_cookie
Temple:   eino_temple_scatter_basement
Lair:1:   layout_concentric_octagons, grunt_megastairs_5
Lair:2:   layout_loops_ring, cheibrodos_lair_reptile_den, serial_bayou_shore_a
Lair:3:   layout_layer_cave, dreamdust_deal_with_the_devil, beast_lair_carwin_8,
          grunt_megastairs_2, uniq_fannar
Lair:4:   gammafunk_lair_enchanted_lake, layout_hall_layers, shoals_dummy_entry,
          hellmonk_spider_entry_life_and_decay
Lair:5:   layout_hall_layers
Lair:6:   grunt_lair_end_beastmaster, layout_misc_corridors,
          minmay_slime_entry_pillars, minivault_11, nicolae_lair_lakeside_cave,
          infiniplex_staircase_pool_2
Shoals:1: layout_shoals, ebering_ghost_xom, uniq_roxanne
Shoals:2: layout_shoals, serial_shops, nicolae_shop_hallway_plus
Shoals:3: layout_shoals, serial_shops, shop_fountains,
          nicolae_shoals_isolated_beach, uniq_mara
Shoals:4: shoals_end_hellmonk_lost_city
Spider:1: layout_spider_delve, drop_trap, hangedman_spider_tarantella_strand

Skill      XL: |  1  2  3  4  5  6  7  8  9 10 11 12 13 14 15 16 |
---------------+-------------------------------------------------+-----
Axes           | 4 5 7 9 11 14 18 22 23 25 26 | 26.4
Fighting       | 4 5 6 8 10 13 15 18 21 23 | 23.8
Armour         | 4 5 6 7 8 9 10 12 13 15 16 | 16.4
Throwing       | 1 |  1.3
Dodging        | 3 4 |  4.7
Stealth        | |  0.1
Evocations     | |  0.4

Action                   |  1- 3 |  4- 6 |  7- 9 | 10-12 | 13-15 | 16-18 || total
-------------------------+-------+-------+-------+-------+-------+-------++-------
Melee: Hand axe          |    58 |    21 |       |       |       |       ||    79
       Headbutt          |    13 |    13 |    33 |    72 |   195 |    61 ||   387
       Battleaxe         |       |    25 |   170 |       |       |       ||   195
       Executioner's axe |       |       |     5 |   330 |   703 |   223 ||  1261
Throw: Stone             |    53 |     6 |    20 |    35 |    18 |    14 ||   146
Invok: Berserk           |     3 |     6 |     9 |    11 |    11 |     1 ||    41
       Trog's Hand       |       |       |     3 |     7 |     9 |     2 ||    21
       Brothers in Arms  |       |       |       |       |     2 |       ||     2
Evoke: Lightning rod     |       |       |       |       |     4 |       ||     4
       Wand              |       |       |       |       |     3 |       ||     3
  Use: Scroll            |       |       |     6 |       |    13 |     2 ||    21
       Potion            |       |       |       |     1 |    16 |     6 ||    23
 Stab: Petrified         |       |       |       |       |     1 |       ||     1
Armor: Animal skin       |     2 |       |       |       |       |       ||     2
       Scale mail        |    16 |     9 |    48 |       |       |       ||    73
       Plate armour      |       |       |    48 |   202 |   434 |   211 ||   895
       Chain mail        |       |       |     2 |       |       |       ||     2
Dodge: Dodged            |    25 |    16 |    94 |   124 |   292 |   125 ||   676
